 Dungeon Crawl Stone Soup version 0.24-a0-160-gfa3a8d6 (webtiles) character file.

Game seed: 3788348521881730651

72 galech the Skirmisher (level 4, 34/35 HPs)
             Began as a Demonspawn Fighter on Mar 5, 2019.
             Quit the game on level 3 of the Dungeon.
             The game lasted 00:01:29 (1163 turns).

galech the Skirmisher (Demonspawn Fighter)          Turns: 1163, Time: 00:01:29

Health: 34/35      AC:  6    Str: 17    XL:     4   Next: 6%
Magic:  4/4        EV:  7    Int:  9    God:
Gold:   36         SH:  9    Dex: 13    Spells: 3/3 levels left

rFire    . . .     SeeInvis +   a - +0 war axe
rCold    . . .     Gourm    .   c - +0 shield
rNeg     . . .     Faith    +   b - +0 scale mail
rPois    .         Spirit   .   (helmet restricted)
rElec    .         Reflect  .   (no cloak)
rCorr    .         Harm     .   (no gloves)
MR       .....                  (no boots)
Stlth    ..........             k - amulet of faith
HPRegen  1.11/turn              e - ring of see invisible
MPRegen  0.09/turn              (no ring)

@: mildly poisoned (34 -> 34)
A: claws 1, horns 1, powered by death 1
a: no special abilities


You were on level 3 of the Dungeon.
You were not hungry.

You visited 1 branch of the dungeon, and saw 3 of its levels.

You collected 36 gold pieces.

Inventory:

Hand Weapons
 a - a +0 war axe (weapon)
Armour
 b - a +0 scale mail (worn)
 c - a +0 shield (worn)
Jewellery
 e - a ring of see invisible (left claw)
 k - an amulet of faith (around neck)
Scrolls
 h - a scroll of identify {unknown}
 i - 4 scrolls of remove curse {unknown}
 j - a scroll of immolation {unknown}
Potions
 d - 2 potions of might
Comestibles
 f - 2 rations
 g - a chunk of flesh


   Skills:
 + Level 3.3 Fighting
 + Level 3.0 Axes
 + Level 3.0 Armour
 + Level 0.5 Dodging
 + Level 3.0 Shields


You had 3 spell levels left.
You didn't know any spells.
Your spell library was empty.

Dungeon Overview and Level Annotations

Branches:
Dungeon (3/15)

Altars:


Innate Abilities, Weirdness & Mutations

You have sharp fingernails.
You have a pair of small horns on your head.
You regenerate a little health from kills.


Message History

You kill the kobold!
You feel sick.
No target in view!
No target in view!
No target in view!
No target in view!
No target in view!
No target in view!
No target in view!
No target in view!
No target in view!
No target in view!
No target in view!
No target in view!
No target in view!
No target in view!
No target in view!
You feel sick.
You see here a kobold corpse.
Are you sure you want to abandon this character and quit the game? (Confirm with "yes".)

............##...
......... ..#.... ###
...###### #.#.#.# ...
##.#....#.#...#.###.## #
##.##.#.#.#...#.<....#.#
##......................
.#.##.....#.#.#......#
.#.##.#####....).....#
.#.##.##......#.@....#
.#.##<##)###..#.#....#
.#.#####..........#....#
.#.....#(.###.###.. ####
.#..##.#........ ...
..>............. ....
.#####.......#########
.# ...........#
###.....(.......


There were no monsters in sight!

Vanquished Creatures
  2 adders (D:3)
  2 worms (D:2)
  4 giant cockroaches
  8 goblins
  2 hobgoblins (D:2)
  5 jackals
  7 bats
  A frilled lizard (D:2)
  6 kobolds
  8 rats
45 creatures vanquished.

Notes
Turn   | Place    | Note
-------+----------+-------------------------------------------
     0 | D:1      | galech the Demonspawn Fighter began the quest for the Orb.
     0 | D:1      | Reached XP level 1. HP: 18/18 MP: 1/1
    76 | D:1      | Gained mutation: You regenerate a little health from kills.
                  | [demonic ancestry]
    76 | D:1      | Reached XP level 2. HP: 24/24 MP: 2/2
   634 | D:2      | Gained mutation: You have a pair of small horns on your
                  | head. [demonic ancestry]
   634 | D:2      | Reached XP level 3. HP: 25/29 MP: 3/3
  1157 | D:3      | Gained mutation: You have sharp fingernails. [demonic
                  | ancestry]
  1157 | D:3      | Reached XP level 4. HP: 35/35 MP: 4/4
  1163 | D:3      | Quit the game

Levels and vault maps discovered:
D:1:      minmay_arrival_radiant_lines, layout_loops_ring
D:2:      layout_rooms
D:3:      layout_basic

Skill      XL: |  1  2  3 |
---------------+----------+-----
Axes           | 2 3 |  3.0
Shields        | 3 |  3.0
Armour         | 3 |  3.0
Fighting       | |  3.3
Dodging        | |  0.5

Action                   |  1- 3 |  4- 6 || total
-------------------------+-------+-------++-------
Melee: War axe           |   108 |     2 ||   110
       Headbutt          |     8 |       ||     8
  Eat: Chunk             |     1 |       ||     1
Armor: Scale mail        |    70 |     1 ||    71
Dodge: Dodged            |    48 |       ||    48
Block: Shield            |    75 |       ||    75

Table legend:
 A = Non-vault XP
 B = Vault XP
 C = Vault XP percentage of total XP
 D = Non-vault monster count
 E = Vault monster count
 F = Vault count percentage of total count
                 A         B        C        D         E       F
            +---------+---------+-------+---------+---------+-------
      Total |     103 |       0 |   0.0 |      45 |       0 |   0.0
            +---------+---------+-------+---------+---------+-------
        D:1 |      40 |       0 |   0.0 |      25 |       0 |   0.0
        D:2 |      31 |       0 |   0.0 |      15 |       0 |   0.0
        D:3 |      32 |       0 |   0.0 |       5 |       0 |   0.0
            +---------+---------+-------+---------+---------+-------
